 Dungeon Crawl Stone Soup version 0.25-a0-294-gea9b1ad378 (webtiles) character file.

Game seed: 5421086666644693426, levelgen mode: classic

4692 Borgoz the Carver (level 10, 0/63 HPs)
             Began as a Gargoyle Berserker on Dec 17, 2019.
             Was a High Priest of Trog.
             Slain by a phantom (6 damage)
             ... on level 9 of the Dungeon.
             The game lasted 00:12:05 (8077 turns).

Borgoz the Carver (Gargoyle Berserker)              Turns: 8077, Time: 00:12:06

Health: 0/63       AC: 16    Str: 21    XL:     10   Next: 44%
Magic:  10/10      EV: 14    Int:  8    God:    Trog [*****.]
Gold:   432        SH:  0    Dex: 12    Spells: 9/9 levels left

rFire    + . .     SeeInvis .   C - +3 falchion
rCold    + . .     Gourm    +   (no shield)
rNeg     + . .     Faith    .   v - +1 leather armour {MR+}
rPois    ∞         Spirit   .   d - +2 helmet
rElec    +         Reflect  .   D - scarf {rC+ rF+}
rCorr    +         Harm     .   (no gloves)
MR       +....                  J - +0 pair of boots
Stlth    ++........             q - amulet of the gourmand
HPRegen  0.20/turn              f - ring of resist corrosion
MPRegen  0.12/turn              z - ring of stealth

@: berserk cooldown, slowed, very slow
A: negative energy resistance 1, electricity resistance, unbreathing,
petrification resistance, rot immunity, AC +7
a: Berserk, Trog's Hand, Brothers in Arms, Renounce Religion


You were on level 9 of the Dungeon.
You worshipped Trog.
Trog was extremely pleased with you.
You were very full.

You visited 2 branches of the dungeon, and saw 10 of its levels.

You collected 432 gold pieces.

Inventory:

Hand Weapons
 C - a +3 falchion (weapon)
Missiles
 G - a throwing net (quivered)
Armour
 d - a +2 helmet (worn)
 v - a +1 leather armour of magic resistance (worn)
 D - a scarf of resistance (worn)
 J - a +0 pair of boots (worn)
Jewellery
 f - a ring of resist corrosion (left hand)
 i - an uncursed ring of protection from cold
 q - an amulet of the gourmand (around neck)
 s - an uncursed ring of protection from cold
 z - a ring of stealth (right hand)
Wands
 y - a wand of digging (4)
 A - a wand of iceblast (6)
 B - a wand of acid (11)
Scrolls
 a - a scroll of enchant weapon {unknown}
 g - 14 scrolls of identify {unknown}
 h - 2 scrolls of fear {unknown}
 k - 2 scrolls of noise {unknown}
 m - 3 scrolls of magic mapping {unknown}
 n - 4 scrolls of immolation {unknown}
 w - 2 scrolls of remove curse {unknown}
 E - a scroll of amnesia {unknown}
 F - a scroll of blinking {unknown}
 I - a scroll of random uselessness {unknown}
Potions
 b - a potion of degeneration {unknown}
 e - a potion of ambrosia {unknown}
 j - 5 potions of lignification {unknown}
 l - a potion of flight {unknown}
 o - 2 potions of haste {unknown}
 p - a potion of cancellation {unknown}
 r - 4 potions of curing
 t - a potion of heal wounds {unknown}
 u - a potion of might {unknown}
 x - 2 potions of mutation {unknown}
 H - a potion of agility
 K - a potion of brilliance {unknown}
Comestibles
 c - 9 rations
 L - 9 chunks of flesh


   Skills:
 + Level 7.6 Fighting
 * Level 9.3 Long Blades
 + Level 7.8 Armour
 + Level 5.9 Dodging


You had 9 spell levels left.
You didn't know any spells.
Your spell library was empty.

Dungeon Overview and Level Annotations

Branches:
Dungeon (9/15)             Temple (1/1) D:7
   Lair: D:8-11         Orc: D:9-12

Altars:
Ashenzari
Cheibriados
Dithmenos
Elyvilon
Fedhas
Gozag
Hepliaklqana
Kikubaaqudgha
Makhleb
Nemelex Xobeh
Okawaru
Qazlal
Ru
Sif Muna
Trog
Uskayaw
Vehumet
Wu Jian
Xom
Yredelemnul
Zin
The Shining One

Shops:
D:4 }

Annotations:
D:8 2 transporters


Innate Abilities, Weirdness & Mutations

You are resistant to torment.
Your stone body is resilient. (AC +7)
You are immune to poison.
You resist negative energy. (rN+)
You are resistant to electric shocks. (rElec)
You can survive without breathing.
You are immune to petrification.
You are immune to rotting.


Message History

The gnoll hits you but does no damage.
The phantom blinks!
You slash the gnoll!
You kill the gnoll!
Trog accepts your kill.
You barely miss the phantom.
The phantom is almost destroyed.
The phantom blinks! x2; The gnoll hits you with a +0 flail.
* * * LOW HITPOINT WARNING * * *
You slash the gnoll!
The gnoll is almost dead.
The gnoll barely misses you.
You riposte.
You slash the gnoll!
You kill the gnoll!
Trog accepts your kill.
The phantom blinks!
Some of the chunks of flesh in your inventory have rotted away.
Items here: ))))) ? †††† You closely miss the phantom.
The phantom is almost destroyed.
The phantom hits you.
You die...

#..# ####... #..#
#...... #..#
#.##... #..#
####.##... #..###
#....###.. #....#
#.##.# #.. #....#
#.##.###)# #..W)#
#.##....## #.#@##
#.####.## #.#)#
#.# #.## #.#.# #.#
##.## #.#.# #.#
##.## #.#.#####
#.# ##.# #.......#
#.# ##) ###.###.#
#.#######.
#.###.###.........
#.................


You could see a phantom.

Vanquished Creatures
  A troll (D:9)
  Grinder (D:3)
  A hippogriff (D:7)
  3 yaks (D:9)
  A hungry ghost (D:7)
  4 black bears
  3 sky beasts
  2 necrophages
  6 ogres
  2 ice beasts
  2 centaurs (D:6)
  2 big kobolds (D:9)
  3 bullfrogs
  2 gnoll sergeants (D:9)
  A water moccasin skeleton (D:9)
  3 scorpions
  3 killer bees (D:9)
  A howler monkey (D:6)
  3 crimson imps
  A jelly (D:7)
  4 orc priests
  A hound (D:4)
  5 orc wizards
  8 worker ants
  4 iguanas
  10 gnolls
  A howler monkey skeleton (D:4)
  12 adders
  An ooze (D:5)
  An adder skeleton (D:4)
  2 adder zombies
  4 worms
  6 leopard geckos
  18 orcs
  3 ball pythons (D:3)
  6 giant cockroaches
  8 goblins
  4 hobgoblins
  19 jackals
  5 quokkas
  5 bats
  3 frilled lizards
  A jackal skeleton (D:6)
  13 kobolds
  5 rats
194 creatures vanquished.

Notes
Turn   | Place    | Note
-------+----------+-------------------------------------------
     0 | D:1      | Borgoz the Gargoyle Berserker began the quest for the Orb.
     0 | D:1      | Reached XP level 1. HP: 14/14 MP: 1/1
   229 | D:1      | Reached skill level 3 in Long Blades
   229 | D:1      | Reached XP level 2. HP: 18/19 MP: 2/2
  1007 | D:2      | Reached XP level 3. HP: 22/23 MP: 3/3
  1040 | D:2      | Reached ** piety under Trog
  1405 | D:2      | Found an opulent altar of Gozag.
  1642 | D:3      | Noticed Grinder
  1654 | D:3      | HP: 1/23 [Grinder (3)]
  1672 | D:3      | Paralysed by Grinder for 2 turns
  1911 | D:3      | Paralysed by Grinder for 3 turns
  1916 | D:3      | Killed Grinder
  1916 | D:3      | Reached skill level 4 in Long Blades
  1916 | D:3      | Reached XP level 4. HP: 22/28 MP: 4/4
  1916 | D:3      | Reached XP level 5. HP: 25/32 MP: 5/5
  1916 | D:3      | Reached XP level 6. HP: 29/37 MP: 6/6
  2591 | D:3      | Noticed a sky beast
  2603 | D:3      | Killed a sky beast
  3227 | D:4      | Reached skill level 5 in Long Blades
  3473 | D:4      | Reached XP level 7. HP: 23/43 MP: 7/7
  3921 | D:4      | Found Vogel's Gadget Boutique.
  4298 | D:5      | Entered Level 5 of the Dungeon
  4544 | D:5      | Reached skill level 6 in Long Blades
  4544 | D:5      | Reached skill level 5 in Armour
  4544 | D:5      | Reached XP level 8. HP: 32/48 MP: 8/8
  5074 | D:6      | Reached skill level 5 in Fighting
  5105 | D:6      | Reached *** piety under Trog
  5136 | D:6      | Found a stormy altar of Qazlal.
  5176 | D:6      | Found a glowing golden altar of the Shining One.
  5176 | D:6      | Found an ancient bone altar of Kikubaaqudgha.
  5328 | D:6      | Found a snail-covered altar of Cheibriados.
  5541 | D:7      | Noticed a hippogriff
  5551 | D:7      | Killed a hippogriff
  5551 | D:7      | Reached skill level 7 in Long Blades
  5551 | D:7      | Reached XP level 9. HP: 35/55 MP: 9/9
  5572 | D:7      | Found a staircase to the Ecumenical Temple.
  5716 | Temple   | Entered the Ecumenical Temple
  5977 | D:7      | Found a shadowy altar of Dithmenos.
  5980 | D:7      | Found a shimmering blue altar of Sif Muna.
  5983 | D:7      | Found a sacrificial altar of Ru.
  6113 | D:7      | Found a white marble altar of Elyvilon.
  6146 | D:7      | Reached skill level 5 in Dodging
  6151 | D:7      | Reached skill level 8 in Long Blades
  6236 | D:7      | Identified the +0 robe "Hitrewk" {*Corrode rPois rF- rN+++}
  6252 | D:7      | Reached **** piety under Trog
  6375 | D:7      | Found a shimmering altar of Xom.
  6995 | D:8      | Found a transporter.
  7124 | D:8      | Noticed a glowing orange brain
  7126 | D:8      | Found a transporter.
  7825 | D:9      | Reached XP level 10. HP: 63/63 MP: 10/10
  7879 | D:9      | Reached skill level 9 in Long Blades
  8044 | D:9      | Reached ***** piety under Trog
  8044 | D:9      | Received a gift from Trog
  8077 | D:9      | Slain by a phantom

Levels and vault maps discovered:
D:1:      tarquinn_simple_flora_water_d, layout_loops_ring
D:2:      layout_basic, lemuel_round_altar, first_ration, serial_forest,
          infiniplex_forest_lined_corner, infiniplex_forest_end_3,
          infiniplex_forest_lined_3_way, infiniplex_forest_lined_2, minivault_24
D:3:      layout_loops_corners, serial_glass, glass_columns_a, glass_columns_a,
          glass_columns_c, glass_columns_b, glass_columns_c, glass_columns_a,
          glass_columns_a, glass_columns_a, glass_columns_c, glass_columns_c,
          glass_columns_a, glass_columns_b, glass_columns_a, glass_columns_b,
          kennysheep_generic_room_2, uniq_grinder
D:4:      layout_cave_pools, serial_shops, kennysheep_little_box,
          corexii_leaking_fountain
D:5:      layout_rooms
D:6:      layout_rooms, old_standard_altar, gammafunk_temple_overflow_elements,
          nicolae_qazlal_general_emergency
D:7:      layout_rooms, overflow_temple_1_default,
          grunt_temple_overflow_cloverleaf, minmay_temple_entry_tees
D:8:      gammafunk_jiyva_shrine, layout_basic
D:9:      layout_loops_ring, minmay_lair_entry_grove, evilmike_minifort
Temple:   nicolae_temple_figure_eight

Skill      XL: |  1  2  3  4  5  6  7  8  9 10 |
---------------+-------------------------------+-----
Long Blades    | 3 4 5 6 7 8 9 |  9.3
Dodging        | 2 3 4 5 |  5.9
Armour         | 3 4 5 6 7 |  7.8
Fighting       | 4 5 7 |  7.6

Action                   |  1- 3 |  4- 6 |  7- 9 | 10-12 || total
-------------------------+-------+-------+-------+-------++-------
Melee: Falchion          |    89 |   137 |   330 |   110 ||   666
       Long sword        |       |       |   100 |       ||   100
Invok: Berserk           |     3 |     1 |     3 |     2 ||     9
       Trog's Hand       |       |       |     1 |       ||     1
Evoke: Wand              |       |       |       |     6 ||     6
  Use: Potion            |     3 |       |       |       ||     3
 Stab: Sleeping          |     1 |       |     3 |       ||     4
  Eat: Chunk             |     3 |    14 |    25 |     3 ||    45
       Ration            |     1 |       |     1 |       ||     2
Armor: Animal skin       |    41 |    25 |       |       ||    66
       Leather armour    |       |    16 |   187 |    64 ||   267
Dodge: Dodged            |    63 |    71 |   316 |    99 ||   549
       Rpst.: Falchion   |    24 |    19 |    73 |    24 ||   140
       Long sword        |       |       |    23 |       ||    23

Table legend:
 A = Non-vault XP
 B = Vault XP
 C = Vault XP percentage of total XP
 D = Non-vault monster count
 E = Vault monster count
 F = Vault count percentage of total count
                 A         B        C        D         E       F
            +---------+---------+-------+---------+---------+-------
      Total |    6422 |     281 |   4.2 |     191 |       3 |   1.5
            +---------+---------+-------+---------+---------+-------
        D:1 |      27 |       0 |   0.0 |      17 |       0 |   0.0
        D:2 |      21 |       0 |   0.0 |       9 |       0 |   0.0
        D:3 |     176 |     281 |  61.5 |      26 |       3 |  10.3
        D:4 |     486 |       0 |   0.0 |      15 |       0 |   0.0
        D:5 |     465 |       0 |   0.0 |      10 |       0 |   0.0
        D:6 |     601 |       0 |   0.0 |      13 |       0 |   0.0
        D:7 |    1682 |       0 |   0.0 |      35 |       0 |   0.0
        D:8 |     764 |       0 |   0.0 |      23 |       0 |   0.0
        D:9 |    2200 |       0 |   0.0 |      43 |       0 |   0.0
            +---------+---------+-------+---------+---------+-------
